 Dungeon Crawl Stone Soup version 0.21.1-1-g345015f (webtiles) character file.

47 letownia2 the Conjurer (level 3, 0/19 HPs)
             Began as a Tengu Fire Elementalist on Mar 5, 2018.
             Slain by an orc
             ... wielding a +0 short sword
              (1 damage)
             ... on level 3 of the Dungeon.
             The game lasted 00:03:39 (702 turns).

letownia2 the Conjurer (Tengu Fire Elementalist)     Turns: 702, Time: 00:03:40

Health: 0/19       AC:  3    Str:  8    XL:     3   Next: 70%
Magic:  0/7        EV: 14    Int: 16    God:
Gold:   40         SH:  0    Dex: 14    Spells: 2/6 levels left

rFire    . . .     SeeInvis .   d - +0 dagger
rCold    . . .     Gourm    .   (no shield)
rNeg     . . .     Faith    .   e - +0 leather armour
rPois    .         Spirit   .   (helmet restricted)
rElec    .         Reflect  .   (no cloak)
rCorr    .         Harm     .   (no gloves)
MR       .....                  (boots unavailable)
Stlth    ++........             (no amulet)
HPRegen  0.06/turn              (no ring)
MPRegen  0.10/turn              (no ring)

@: lethally poisoned (0 -> -16), flying quickly and evasively, quick
A: beak, talons 3
a: no special abilities


You were on level 3 of the Dungeon.
You were not hungry.

You visited 1 branch of the dungeon, and saw 3 of its levels.

You collected 40 gold pieces.

Inventory:

Hand Weapons
 d - a +0 dagger (weapon)
Armour
 a - a +0 robe
 e - a +0 leather armour (worn)
Scrolls
 f - a scroll of teleportation {unknown}
Books
 b - a book of Flames

   Spells                             Type                      Level
   a - Flame Tongue                   Conjuration/Fire             1
   b - Throw Flame                    Conjuration/Fire             2
   c - Conjure Flame                  Conjuration/Fire             3
   d - Inner Flame                    Hexes/Fire                   3
   e - Sticky Flame                   Conjuration/Fire             4
   f - Fireball                       Conjuration/Fire             5
Comestibles
 c - 3 rations
 i - 3 chunks of flesh


   Skills:
 - Level 2.1 Dodging
 - Level 2.0 Stealth
 - Level 2.0 Spellcasting
 + Level 4.6 Conjurations
 - Level 3.2 Fire Magic


You had 2 spell levels left.
You knew the following spells:

 Your Spells              Type           Power        Failure   Level  Hunger
a - Flame Tongue          Conj/Fire      ##...        6%          1    #......
c - Conjure Flame         Conj/Fire      ##......     17%         3    ###....


Dungeon Overview and Level Annotations

Branches:
Dungeon (3/15)

Altars:
Ru


Innate Abilities, Weirdness & Mutations

You have a beak for a mouth.
You have claws for feet.


Message History

Unknown command.
Unknown command.
Casting: Flame Tongue
Confirm with . or Enter, or press ? or * to list all spells.
Aiming: Flame Tongue
Press: ? - help, Shift-Dir - straight line, f/p - adder
Aim: an adder The flame tongue misses the adder.
You feel sick. The adder bites you.
You are lethally poisoned!
The adder poisons you! The orc hits you with a short sword.
* * * LOW HITPOINT WARNING * * *
The adder bites you.
* * * LOW HITPOINT WARNING * * *
You are more poisoned.
The adder poisons you!
You hit the adder.
The adder is lightly wounded.
* * * LOW HITPOINT WARNING * * *
You feel sick. The orc hits you with a short sword.
You die...

.....o #....o
#....# #....#
#....#. +....'. ##
######....#
...####+####ooo@S.#
...........(.####.#
...........o.# #o#
...........).# #.#
...####'####.## #o#
..........##.<# #.#
.#.###..#.##..###.#
#....##.<..o.#
##S.)##...####


You could see an adder and 3 orcs.

Vanquished Creatures
  2 adders (D:3)
  3 orcs
  3 giant cockroaches (D:2)
  2 hobgoblins (D:1)
  A quokka (D:2)
  A bat (D:2)
  3 frilled lizards (D:1)
  5 goblins
  4 kobolds
  A rat (D:3)
25 creatures vanquished.

Notes
Turn   | Place    | Note
-------+----------+-------------------------------------------
     0 | D:1      | letownia2 the Tengu Fire Elementalist began the quest for the Orb.
     0 | D:1      | Reached XP level 1. HP: 10/10 MP: 4/4
    41 | D:1      | Reached skill level 2 in Conjurations
   156 | D:1      | Reached XP level 2. HP: 8/15 MP: 1/6
   283 | D:3      | Reached skill level 3 in Conjurations
   339 | D:2      | Found a sacrificial altar of Ru.
   365 | D:2      | Reached XP level 3. HP: 7/19 MP: 1/7
   370 | D:2      | Learned a level 3 spell: Conjure Flame
   444 | D:2      | Reached skill level 4 in Conjurations
   702 | D:3      | Slain by an orc

Skill      XL: |  1  2  3 |
---------------+----------+-----
Conjurations   | 2 3 4 |  4.6
Dodging        | |  2.1
Stealth        | |  2.0
Spellcasting   | |  2.0
Fire Magic     | |  3.2

Action                   || total
-------------------------++-------
Melee: Unarmed           ||    10
       Kick              ||     3
       Dagger            ||     5
 Cast: Flame Tongue      ||    51
  Use: Potion            ||     2
Armor: Robe              ||     2
       Leather armour    ||     7
Dodge: Dodged            ||    39
